Map: Abyssal Reef LE

Players

A.I. 1 (Very Hard)

  • Race: Terran Terran
  • Spawn Location: 11:00

A.I. 2 (Very Hard) - Winner!

  • Race: Protoss Protoss
  • Spawn Location: 5:00

VOD

Have the link to the VOD?

Description

Time

  • Played on: July 12, 2017, 9:05 p.m.
  • Length: 18:34
Show
View Real Time Build Order
Export as new Build Order

A.I. 1 (Very Hard) Terran 

Build Orders: MMM Bio 

Get SALT Encoding   

  12  0:01  SCV  
  13  0:13  SCV  
  14  0:18  Supply Depot  
  14  0:25  SCV  
  15  0:40  SCV  
  16  0:43  Barracks  
  16  0:46  Refinery  
  16  0:52  SCV  
  17  1:02  Barracks  
  18  1:04  SCV  
  18  1:16  SCV  
  19  1:30  Marine, Orbital Command  
  20  1:41  Barracks  
  20  1:48  Marine  
  20  1:49  Marine  
  22  1:58  Supply Depot  
  22  2:00  SCV  
  23  2:07  Barracks Tech Lab x2  
  23  2:20  SCV  
  24  2:24  Marine  
  24  2:25  Marine  
  24  2:27  Stimpack  
  24  2:28  Marine  
  24  2:29  Concussive Shells  
  27  2:36  Supply Depot  
  27  2:42  Marine  
  27  2:43  Marine  
  29  2:45  Marine  
  29  2:47  SCV  
  31  3:01  Marauder  
  31  3:02  Marauder  
  31  3:03  Marine  
  36  3:09  Supply Depot  
  36  3:21  Combat Shields, SCV, Marine x2  
  39  3:30  Supply Depot  
  39  3:31  Marine  
  40  3:39  Marine  
  40  3:40  Marauder  
  42  3:49  Refinery, SCV  
  43  4:01  SCV  
  44  4:10  Factory  
  44  4:13  SCV  
  40  4:24  Marine  
  40  4:25  SCV  
  40  4:27  Marine  
  40  4:28  Marine  
  41  4:37  SCV  
  42  4:42  Marine  
  42  4:45  Marine  
  44  4:46  Marine  
  45  4:58  Command Center, Starport  
  45  5:00  Marine  
  45  5:03  Marauder  
  45  5:05  Barracks Reactor  
  48  5:09  Supply Depot  
  48  5:18  Marine  
  48  5:24  Marine  
  48  5:26  Engineering Bay  
  49  5:35  Medivac, Marine  
  51  5:42  Marauder  
  54  5:54  Terran Infantry Weapons Level 1, Marauder  
  56  5:57  Supply Depot  
  56  6:04  Marauder  
  58  6:05  Medivac, Engineering Bay  
  60  6:11  SCV  
  60  6:12  SCV  
  60  6:15  Marauder  
  64  6:23  SCV  
  64  6:25  SCV, Marauder  
  68  6:35  SCV  
  68  6:36  Terran Infantry Armor Level 1  
  68  6:37  Marauder  
  68  6:38  SCV  
  72  6:46  Marauder  
  74  6:48  SCV  
  74  6:50  SCV  
  74  6:54  Supply Depot  
  76  7:00  SCV  
  77  7:03  SCV  
  78  7:09  Refinery  
  78  7:12  SCV  
  78  7:15  SCV, Marauder  
  82  7:17  Missile Turret  
  82  7:21  Missile Turret  
  82  7:24  SCV  
  82  7:29  Command Center  
  83  7:36  Orbital Command  
  83  7:38  SCV  
  84  7:44  Supply Depot  
  84  7:50  SCV  
  85  7:53  Barracks  
  85  7:54  Starport Reactor  
  85  8:00  Marine  
  85  8:01  Marine  
  85  8:02  SCV  
  85  8:03  SCV  
  89  8:11  Supply Depot, Marine  
  90  8:13  Marine  
  90  8:14  SCV  
  90  8:15  SCV  
  93  8:24  Marauder  
  95  8:28  Marauder  
  95  8:30  Viking, Medivac  
  101  8:36  Supply Depot  
  101  8:41  SCV x2  
  103  8:42  SCV  
  104  8:53  SCV x2  
  104  8:55  SCV  
  107  9:00  Medivac  
  109  9:03  Missile Turret  
  109  9:05  SCV  
  109  9:06  SCV  
  109  9:07  SCV  
  112  9:12  Viking  
  112  9:13  Missile Turret  
  114  9:17  SCV  
  114  9:18  SCV  
  114  9:23  SCV  
  117  9:24  Supply Depot  
  117  9:28  Marauder  
  117  9:29  SCV  
  117  9:30  Viking, SCV  
  123  9:35  SCV  
  123  9:38  Marauder  
  126  9:41  SCV  
  126  9:42  Viking  
  126  9:45  Armory, Orbital Command  
  129  9:50  Supply Depot  
  129  9:55  Marauder, Missile Turret  
  129  9:59  Marauder  
  119  10:00  Viking  
  119  10:05  Marine  
  119  10:06  Marine  
  109  10:07  Marine  
  94  10:15  Medivac  
  94  10:17  Marauder  
  94  10:20  Marauder  
  97  10:22  Marine  
  97  10:24  Marine, Missile Turret  
  97  10:25  Marine  
  97  10:27  Refinery  
  100  10:30  Medivac  
  100  10:32  Refinery  
  100  10:33  Terran Infantry Weapons Level 2  
  102  10:36  Refinery  
  102  10:37  Marine  
  102  10:40  Marine  
  102  10:42  Marine, Marauder  
  107  10:43  Marine  
  107  10:45  Viking  
  107  10:47  Command Center, Missile Turret  
  110  10:56  SCV, Marauder  
  113  10:57  SCV  
  113  10:58  SCV, Marine  
  113  11:00  Medivac  
  113  11:03  Marauder  
  119  11:08  SCV, Marine  
  119  11:10  Marine, SCV  
  123  11:15  Viking  
  123  11:17  Marine  
  126  11:19  Marine  
  126  11:21  Supply Depot  
  126  11:24  Marauder  
  129  11:26  Marine  
  129  11:28  Marine  
  129  11:30  Viking  
  133  11:33  Factory  
  133  11:35  Marauder  
  133  11:36  Marine  
  132  11:44  Marine  
  132  11:45  Medivac  
  132  11:46  Marine, Marauder  
  94  11:54  Marine  
  94  11:56  Marauder  
  94  12:00  Fusion Core  
  97  12:01  Marine  
  97  12:06  SCV  
  97  12:07  SCV, Marauder  
  102  12:09  SCV  
  102  12:10  SCV  
  102  12:12  Marine  
  102  12:14  Marine  
  106  12:18  SCV, Marauder  
  106  12:19  Marine  
  106  12:20  SCV  
  111  12:23  Planetary Fortress  
  111  12:27  Missile Turret  
  111  12:28  Medivac  
  111  12:29  Marauder  
  115  12:30  Marine, Missile Turret  
  115  12:33  Medivac  
  115  12:34  Marine  
  119  12:37  Marine  
  119  12:39  Marauder  
  122  12:47  SCV  
  122  12:48  Marine  
  122  12:50  Marauder  
  125  12:52  Marine  
  125  12:54  Terran Infantry Weapons Level 3  
  126  12:58  Viking  
  126  12:59  Ghost Academy  
  126  13:01  Marauder  
  126  13:02  Missile Turret  
  126  13:03  Viking  
  132  13:11  Refinery, Marauder  
  134  13:16  Terran Infantry Armor Level 2, Refinery  
  134  13:18  Supply Depot  
  134  13:22  Marauder  
  136  13:28  Viking, Starport  
  136  13:29  Factory Tech Lab, Command Center  
  136  13:33  Armory, Marauder  
  140  13:42  Ghost  
  142  13:48  Supply Depot  
  142  13:53  Ghost, Missile Turret  
  144  14:01  Missile Turret  
  144  14:02  Factory Tech Lab  
  144  14:05  Starport Tech Lab, Missile Turret  
  144  14:12  Marauder  
  144  14:16  Supply Depot  
  146  14:22  Marine  
  146  14:23  Marauder  
  155  14:24  Battlecruiser  
  155  14:32  Ghost  
  155  14:38  SCV  
  157  14:42  Supply Depot  
  157  14:43  SCV  
  157  14:44  Marauder  
  139  14:46  SCV  
  139  14:48  Marine  
  139  14:49  Marine x2  
  83  15:01  Ghost  
  83  15:05  SCV x2, Marine  
  83  15:06  Marine, SCV  
  84  15:07  Marine x2  
  75  15:17  SCV x2  
  75  15:18  SCV  
  66  15:22  Ghost  
  66  15:24  Marine x2  
  66  15:25  Marine  
  66  15:28  Battlecruiser  
  75  15:29  SCV  
  75  15:30  SCV, Marauder  
  73  15:36  SCV  
  73  15:41  SCV  
  73  15:42  Marine x2, SCV  
  70  15:43  Marine  
  70  15:49  SCV  
  59  15:52  Marauder x2  
  59  15:54  SCV x2  
  58  16:00  Marine x3  
  58  16:01  SCV  
  55  16:06  SCV  
  44  16:12  Ghost  
  44  16:13  SCV, Marauder  
  44  16:17  Marine  
  44  16:18  Marine x2, SCV  
  39  16:25  SCV, Command Center  
  19  16:34  Marauder  
  19  16:37  SCV  
  10  16:49  SCV  
  7  17:01  SCV  
Show
View Real Time Build Order
Export as new Build Order

A.I. 2 (Very Hard) Protoss - Winner!

Build Orders: Zealot Archon 

Get SALT Encoding   

  12  0:01  Probe (Chrono Boost)  
  13  0:11  Probe (Chrono Boost)  
  14  0:20  Pylon  
  14  0:22  Probe (Chrono Boost)  
  15  0:38  Probe (Chrono Boost)  
  16  0:47  Assimilator  
  16  0:49  Probe (Chrono Boost)  
  17  0:51  Gateway  
  17  0:59  Probe (Chrono Boost)  
  17  1:01  Pylon  
  18  1:10  Probe (Chrono Boost)  
  19  1:20  Probe (Chrono Boost)  
  20  1:31  Probe (Chrono Boost)  
  21  1:37  Zealot  
  23  1:42  Cybernetics Core, Probe (Chrono Boost)  
  24  1:54  Probe (Chrono Boost)  
  25  2:01  Nexus  
  25  2:13  Gateway  
  25  2:20  Pylon  
  25  2:23  Warp Gate, Zealot  
  25  2:29  Probe (Chrono Boost)  
  28  2:39  Assimilator  
  28  2:40  Probe (Chrono Boost)  
  29  2:50  Adept  
  32  2:51  Probe (Chrono Boost)  
  32  2:58  Adept  
  32  3:03  Probe (Chrono Boost)  
  32  3:05  Pylon  
  35  3:14  Probe (Chrono Boost)  
  35  3:15  Adept  
  38  3:23  Stalker  
  40  3:28  Probe (Chrono Boost)  
  40  3:31  Probe (Chrono Boost)  
  42  3:39  Probe (Chrono Boost)  
  43  3:42  Probe (Chrono Boost)  
  43  3:46  Robotics Facility  
  44  3:50  Probe (Chrono Boost)  
  44  3:53  Adept, Probe (Chrono Boost)  
  48  4:01  Adept  
  48  4:02  Probe (Chrono Boost)  
  49  4:05  Probe (Chrono Boost)  
  52  4:13  Pylon, Probe (Chrono Boost)  
  52  4:16  Probe (Chrono Boost)  
  49  4:24  Probe (Chrono Boost)  
  49  4:27  Probe (Chrono Boost)  
  49  4:28  Adept  
  46  4:37  Zealot  
  46  4:40  Mothership Core (Chrono Boost)  
  48  4:46  Stalker  
  48  4:49  Immortal  
  54  4:56  Adept  
  54  4:59  Pylon  
  56  5:02  Probe (Chrono Boost)  
  56  5:03  Probe (Chrono Boost)  
  58  5:07  Stalker  
  58  5:13  Probe (Chrono Boost)  
  62  5:14  Stalker  
  62  5:15  Probe (Chrono Boost)  
  62  5:18  Robotics Facility  
  64  5:24  Twilight Council  
  64  5:29  Stalker  
  64  5:32  Pylon  
  66  5:36  Adept  
  68  5:43  Assimilator  
  68  5:44  Probe (Chrono Boost)  
  69  5:50  Adept, Assimilator  
  69  5:52  Probe (Chrono Boost)  
  69  5:54  Zealot  
  69  5:55  Pylon  
  69  5:56  Probe (Chrono Boost)  
  75  6:00  Gateway  
  75  6:03  Probe (Chrono Boost)  
  76  6:07  Probe (Chrono Boost)  
  76  6:08  Pylon  
  76  6:11  Pylon  
  77  6:14  Probe (Chrono Boost)  
  77  6:17  Templar Archives  
  77  6:18  Probe (Chrono Boost)  
  79  6:22  Zealot  
  79  6:24  Probe (Chrono Boost)  
  82  6:35  Zealot  
  84  6:40  Zealot  
  84  6:41  Nexus  
  86  6:52  Stalker  
  88  6:54  High Templar  
  88  6:58  High Templar  
  88  6:59  Immortal  
  96  7:03  Pylon  
  96  7:07  Forge  
  96  7:08  Observer  
  96  7:12  Archon  
  96  7:13  Stalker  
  99  7:17  Pylon  
  99  7:19  Pylon  
  99  7:22  Pylon  
  99  7:24  High Templar  
  99  7:28  Sentry, Forge  
  103  7:35  High Templar  
  105  7:41  Photon Cannon, Archon  
  105  7:44  Photon Cannon  
  105  7:46  Photon Cannon  
  105  7:49  Stalker  
  107  7:54  High Templar  
  107  7:55  Gateway, Probe (Chrono Boost)  
  107  7:56  Probe x2 (Chrono Boost)  
  112  8:03  Assimilator  
  112  8:05  Assimilator  
  112  8:06  Probe (Chrono Boost)  
  112  8:07  Probe x2 (Chrono Boost)  
  112  8:09  High Templar  
  117  8:13  Stalker  
  117  8:17  Probe (Chrono Boost)  
  117  8:19  Archon  
  122  8:20  Probe x2 (Chrono Boost)  
  122  8:25  Pylon  
  122  8:27  High Templar  
  122  8:29  Probe (Chrono Boost)  
  122  8:31  Probe (Chrono Boost)  
  122  8:32  Probe (Chrono Boost)  
  127  8:37  High Templar  
  127  8:40  Probe (Chrono Boost)  
  130  8:43  Archon, Probe x2 (Chrono Boost)  
  130  8:44  Sentry  
  130  8:47  Photon Cannon  
  134  8:51  Pylon, Probe (Chrono Boost)  
  134  8:53  High Templar  
  134  8:54  Probe (Chrono Boost)  
  134  8:55  Probe (Chrono Boost)  
  139  9:03  High Templar  
  139  9:05  Stalker  
  139  9:08  Stalker  
  145  9:13  Photon Cannon  
  145  9:16  Photon Cannon  
  145  9:23  Sentry, Photon Cannon  
  147  9:26  Stalker  
  147  9:27  Photon Cannon  
  147  9:28  Psionic Storm  
  147  9:29  Stalker  
  151  9:32  Protoss Ground Weapons Level 1  
  151  9:33  Warp Prism  
  153  9:42  Protoss Ground Armor Level 1, Pylon, Warp Prism  
  155  9:49  Photon Cannon  
  155  9:50  Photon Cannon  
  155  9:52  Photon Cannon  
  155  9:53  Nexus  
  155  9:55  Zealot  
  155  9:57  Zealot  
  155  9:59  Adept  
  149  10:01  Zealot  
  123  10:08  Immortal  
  107  10:14  Zealot  
  107  10:16  High Templar  
  107  10:18  Stalker  
  107  10:20  Stalker  
  103  10:32  Immortal  
  103  10:33  High Templar  
  109  10:39  Archon  
  109  10:40  High Templar  
  109  10:42  Sentry  
  113  10:47  Zealot  
  115  10:57  Immortal  
  115  11:04  Adept, Stalker, Pylon  
  121  11:05  Stalker  
  121  11:08  Pylon  
  121  11:10  Adept  
  127  11:16  Assimilator  
  127  11:18  Immortal  
  127  11:20  Pylon  
  127  11:23  Assimilator, Sentry, Nexus  
  127  11:24  Stalker  
  135  11:26  Stalker  
  135  11:28  Pylon  
  135  11:29  Adept  
  135  11:32  Immortal  
  139  11:36  Gateway, Probe (Chrono Boost)  
  133  11:44  Zealot  
  133  11:46  Sentry  
  123  11:47  Stalker  
  123  11:48  High Templar  
  123  11:57  Protoss Ground Weapons Level 2  
  123  12:01  Photon Cannon  
  123  12:02  High Templar  
  123  12:07  Observer, Adept  
  127  12:08  Sentry  
  127  12:10  Observer  
  131  12:18  Adept  
  131  12:19  Robotics Facility  
  131  12:20  Archon  
  133  12:26  Gateway, Stalker  
  135  12:30  High Templar, Zealot  
  135  12:32  Stalker  
  135  12:34  Photon Cannon  
  135  12:36  Zealot  
  143  12:44  Assimilator  
  143  12:47  Zealot  
  143  12:48  Pylon  
  143  12:49  High Templar  
  147  12:51  Nexus  
  147  12:53  Stalker  
  147  12:54  Zealot, Robotics Bay  
  147  12:56  Assimilator  
  151  12:59  Stalker  
  151  13:04  Archon  
  153  13:05  High Templar  
  153  13:09  Photon Cannon  
  155  13:12  Stalker  
  155  13:13  Stalker, Photon Cannon  
  155  13:18  High Templar  
  160  13:21  Observer, Pylon  
  160  13:22  Stalker x2, Archon  
  160  13:24  Pylon  
  160  13:26  Blink  
  165  13:33  High Templar  
  167  13:34  Stalker  
  167  13:35  High Templar  
  167  13:37  Observer Gravitic Boosters  
  171  13:43  Photon Cannon  
  171  13:46  Photon Cannon  
  171  13:47  Archon  
  171  13:51  High Templar, Stargate  
  173  13:57  High Templar  
  175  14:02  Archon  
  175  14:03  Stalker  
  175  14:04  Gateway  
  175  14:05  High Templar  
  179  14:10  Pylon  
  179  14:12  High Templar  
  181  14:18  Protoss Ground Armor Level 2  
  181  14:21  Zealot  
  181  14:22  Nexus  
  183  14:24  Stalker  
  183  14:27  Stalker  
  183  14:29  Gravitic Drive  
  187  14:33  Photon Cannon  
  187  14:35  Pylon  
  187  14:39  Stalker  
  187  14:40  High Templar  
  187  14:42  Zealot  
  187  14:45  Zealot  
  183  14:48  High Templar, Adept  
  159  14:53  Archon  
  159  14:58  Adept  
  159  15:00  Sentry  
  159  15:01  Sentry  
  159  15:02  Photon Cannon  
  159  15:04  Adept  
  159  15:06  Photon Cannon  
  165  15:07  Sentry  
  165  15:09  Observer  
  165  15:10  High Templar  
  169  15:17  Adept, Charge, High Templar  
  173  15:21  Zealot  
  173  15:22  Stalker x2  
  177  15:28  Adept  
  177  15:35  Observer, Adept  
  177  15:39  Sentry  
  177  15:40  Zealot  
  177  15:41  Pylon  
  179  15:43  Stalker x2  
  179  15:47  High Templar  
  179  15:48  Zealot  
  185  15:54  Stalker  
  183  15:58  Zealot  
  183  16:00  High Templar  
  183  16:04  Stalker x2, Photon Cannon  
  185  16:06  Stalker  
  185  16:08  Pylon  
  183  16:12  Nexus  
  183  16:15  Stalker  
  183  16:16  Observer  
  183  16:17  Observer  
  179  16:21  Stalker  
  179  16:24  Adept  
  183  16:26  Stalker  
  185  16:33  Photon Cannon  
  185  16:37  Photon Cannon  
  185  16:41  Stalker  
  185  16:43  Adept  
  185  16:44  Resonating Glaives  
  185  16:46  Adept  
  187  16:48  Stalker  
  187  16:51  Observer, Stalker  
  191  16:54  Stalker  
  191  16:55  Sentry  
  193  17:01  High Templar  
  193  17:02  Adept  
  193  17:04  Adept  
  199  17:18  Observer  
  199  17:25  Forge  
  199  17:26  Observer  
  199  17:39  Pylon  
  199  17:43  Photon Cannon  
  199  17:47  Photon Cannon  
  199  17:50  Photon Cannon  
  199  17:54  Photon Cannon  
  199  17:56  Assimilator  
  199  17:57  Assimilator  
  199  18:00  Assimilator  
  199  18:03  Observer  
  199  18:05  Photon Cannon  
Tags
 
Matchup
PvT
Replay Pack
Pack 1
Spawn Locations
Cross Positions
Add a new tag
Caveats
  • Supply blocks, unpowered buildings, or Contaminate may cause inaccurate times.
  • Supply counts are checked every 10 seconds.